 Dungeon Crawl Stone Soup version 0.28-a0-1152-g9c71ebef14 (webtiles) character file.

Game seed: 15270800120398929483

8735 tsouns the Martial Artist (level 11, -3/72 (75) HPs)
             Began as a Demonspawn Monk on Dec 15, 2021.
             Was a High Priest of Ru.
             Slain by a seven-headed hydra (13 damage)
             ... on level 10 of the Dungeon.
             The game lasted 00:25:59 (12692 turns).

tsouns the Martial Artist (Demonspawn Monk)        Turns: 12692, Time: 00:26:00

HP:   -3/72 (75)    AC:  8    Str:  8      XL:     11   Next: 13%
MP:   20/20         EV: 14    Int:  8 (15) God:    Ru [*****.]
Gold: 636           SH:  0    Dex: 20      Spells: 6/10 levels left

rFire   . . .      SeeInvis +     - Unarmed
rCold   . . .      Faith    .   (shield unavailable)
rNeg    . . .      Spirit   .   E - +0 acid dragon scales
rPois   .          Reflect  .   (no helmet)
rElec   .          Harm     .   (no cloak)
rCorr   +          Rampage  .   s - +1 pair of gloves "Inuaq" {Str-4 Dex+4 Slay+2 SInv}
Will    .....                   (no boots)
Stlth   ..........              (no amulet)
HPRegen 0.22/turn               (ring unavailable)
MPRegen 0.17/turn               u - ring of magical power

@: lightly drained
A: hooves 2, repulsion field 1, spiny 1, missing a hand, no stealth, inability
to train armour
a: Renounce Religion, Draw Out Power, Power Leap, Apocalypse


You were on level 10 of the Dungeon.
You worshipped Ru.
Ru was extremely pleased with you.
You visited 1 branch of the dungeon, and saw 10 of its levels.

You collected 636 gold pieces.

Inventory:

Hand Weapons
 d - a +4 hunting sling of flaming
Missiles
 c - 323 stones (quivered)
 k - 121 sling bullets
 t - 21 poisoned darts
Armour
 s - the +1 pair of gloves "Inuaq" (worn) {Str-4 Dex+4 Slay+2 SInv}
   (You found it on level 7 of the Dungeon)

   Str:       It affects your strength (-4).
   Dex:       It affects your dexterity (+4).
   Slay:      It affects your accuracy & damage with ranged weapons and melee
   (+2).
   SInv:      It lets you see invisible.
 E - +0 acid dragon scales (worn)
Jewellery
 b - a ring of protection from cold
 g - the ring of Jaxug {Ice Str+5}
   (You found it on level 9 of the Dungeon)

   [ring of ice]

   It enhances your ice magic.
   Str:       It affects your strength (+5).
   rF:        It makes you vulnerable to fire.
   rC:        It protects you from cold.
 u - a ring of magical power (right hand)
 A - a ring of positive energy
Wands
 a - a wand of charming (2)
 n - a wand of polymorph (14)
 w - a wand of flame (57)
 C - a wand of acid (2)
 D - a wand of paralysis (4)
Scrolls
 e - 4 scrolls of fear
 i - 2 scrolls of magic mapping
 j - 2 scrolls of fog
 l - 4 scrolls of teleportation
 p - a scroll of acquirement {unknown}
 v - a scroll of summoning
 y - 4 scrolls of identify
 B - 2 scrolls of amnesia
Potions
 h - 2 potions of flight
 m - a potion of haste
 o - a potion of berserk rage
 x - 3 potions of resistance
 z - 3 potions of magic
Miscellaneous
 f - a tin of tremorstones (2/2)


   Skills:
 - Level 3.5 Fighting
 + Level 9.0 Slings
 - Level 2.6 Dodging
 * Level 13.2 Unarmed Combat


You had 6 spell levels left.
You knew the following spells:

 Your Spells              Type           Power      Damage    Failure   Level
a - Slow                  Hex            0%         N/A       61%         1
b - Confusing Touch       Hex            0%         N/A       93%         3

Your spell library contained the following spells:

 Spells                   Type           Power      Damage    Failure   Level
 Beastly Appendage        Tmut           0%         N/A       61%         1
 Shock                    Conj/Air       0%         1d3       61%         1
 Wereblood                Tmut           0%         N/A       75%         2
 Spider Form              Tmut/Pois      0%         N/A       93%         3
 Swiftness                Air            0%         N/A       93%         3
 Vampiric Draining        Necr           0%         2d6       93%         3
 Airstrike                Air            0%         N/A       100%        4


Dungeon Overview and Level Annotations

Branches:
Dungeon (10/15)            Temple (0/1) D:7            Lair (0/6) D:8
    Orc: D:9-12

Altars:
Cheibriados
Makhleb
Ru
Sif Muna
Trog
Xom
The Shining One

Shops:
D:1 !


Innate Abilities, Weirdness & Mutations

You have hoof-like feet.
You are surrounded by a mild repulsion field. (EV +2)
You are partially covered in sharp spines.
You are missing a hand.
You cannot be stealthy.
You cannot train Armour skill.


Message History

You kill the centaur warrior!
Your Slings skill increases to level 9!
Unknown command.
Things that are here:
a +0 longbow; 21 arrows
t - 21 poisoned darts (gained 7)
Things that are here:
a +0 dagger; a kobold corpse
Things that are here:
a +0 shortbow; 11 arrows; a centaur corpse A seven-headed hydra comes into view.
Things that are here:
a +0 dagger; a kobold corpse You see here a yak corpse.
You feel less exhausted.
There is a stone staircase leading up here.
A centaur comes into view.
The centaur wields a +0 shortbow.
The centaur shoots an arrow.
The arrow barely misses you.
The arrow hits the seven-headed hydra!
The centaur shoots an arrow.
The arrow closely misses you.
The arrow hits the seven-headed hydra.
The centaur is stunned by your conviction and fails to attack.
The centaur is stunned by your conviction and fails to attack.
The centaur unwields a +0 shortbow.
The centaur hits you.
You focus your inner power and slow the centaur in retribution!
The centaur closely misses you. The centaur is struck by your spines.
The centaur completely misses you.
The centaur kicks you but does no damage.
The centaur is struck by your spines.
The centaur hits you but does no damage.
The centaur barely misses you.
You hit the centaur.
The centaur is almost dead.
The centaur hits you. The centaur closely misses you.
You hit the centaur.
You kill the centaur!
The seven-headed hydra bites you! x2
* * * LOW HITPOINT WARNING * * *
The seven-headed hydra bites you!
You die...

#.#...#.#.#
..
#.....#.#.#
..
####..#.#.#
##
#.....#.#.#
#.##....#.#
#.......#.#
#####...#.#
#......<#.#
#.#####D@.#
#.......#
#........#.#
#..#.#.....#
#. #.#.#...#
# #.#...#
#.#...#
......#


You could see a seven-headed hydra.

Vanquished Creatures
  A centaur warrior (D:10)
  3 two-headed ogres
  An orange crystal statue (D:9)
  An unseen horror (D:10)
  A troll (D:8)
  A vampire (D:9)
  4 yaks (D:10)
  2 acid dragons (D:9)
  An ice beast (D:7)
  3 orc warriors
  A black bear (D:5)
  2 necrophages
  6 centaurs
  6 ogres
  2 wolves (D:8)
  A kobold brigand (D:10)
  A bullfrog (D:9)
  A scorpion (D:6)
  14 killer bees
  3 electric eels (D:8)
  A centaur zombie (D:9)
  2 centaur skeletons
  2 gnoll shamans (D:7)
  11 hounds
  3 bullfrog skeletons
  7 orc priests
  5 iguanas
  8 orc wizards
  A killer bee zombie (D:8)
  A howler monkey zombie (D:6)
  17 gnolls
  A howler monkey skeleton (D:7)
  4 adders
  3 shadow imps
  2 white imps
  An ufetubus (D:5)
  An adder skeleton (D:4)
  4 worms
  2 dart slugs
  18 orcs
  3 endoplasms
  2 giant cockroaches
  5 goblins
  5 hobgoblins
  3 quokkas
  12 ball pythons
  3 bats
  2 frilled lizards (D:1)
  A jackal skeleton (D:4)
  4 kobolds
  6 rats
195 creatures vanquished.

Vanquished Creatures (collateral kills)
  A bullfrog (D:6)
1 creature vanquished.

Vanquished Creatures (others)
  A shadow (D:9)
  A black bear (D:6)
  A centaur (D:6)
  Blork the orc (D:6)
  A scorpion (D:5)
5 creatures vanquished.

Grand Total: 201 creatures vanquished

Notes
Turn   | Place    | Note
-------+----------+-------------------------------------------
     0 | D:1      | tsouns the Demonspawn Monk began the quest for the Orb.
     0 | D:1      | Reached XP level 1. HP: 18/18 MP: 1/1
   538 | D:1      | Found Costabb's Distillery.
   551 | D:1      | Reached skill level 3 in Unarmed Combat
   555 | D:1      | Gained mutation: You are surrounded by a mild repulsion
                  | field. (EV +2) [demonic ancestry]
   555 | D:1      | Reached XP level 2. HP: 24/24 MP: 2/2
   726 | D:1      | You fall into a shaft and drop 1 floor!
  1544 | D:2      | Reached XP level 3. HP: 29/29 MP: 3/3
  2169 | D:3      | Reached skill level 1 in Slings
  2169 | D:3      | Reached skill level 4 in Unarmed Combat
  2169 | D:3      | Reached XP level 4. HP: 23/35 MP: 4/4
  2581 | D:3      | Gained mutation: You have large cloven feet. [demonic
                  | ancestry]
  2581 | D:3      | Reached XP level 5. HP: 41/41 MP: 5/5
  2592 | D:3      | Found a faded altar of an unknown god.
  2642 | D:3      | Prayed at the altar of an unknown god.
  2642 | D:3      | Became a worshipper of Ru the Awakened
  2651 | D:3      | Gained mutation: You are missing a hand. [Ru sacrifice]
  2651 | D:3      | Reached * piety under Ru
  2651 | D:3      | Reached ** piety under Ru
  2651 | D:3      | Reached *** piety under Ru
  3355 | D:4      | Noticed a necrophage
  3367 | D:4      | Killed a necrophage
  3368 | D:4      | Reached skill level 5 in Unarmed Combat
  3633 | D:4      | Reached XP level 6. HP: 47/47 MP: 6/6
  4283 | D:5      | Entered Level 5 of the Dungeon
  4453 | D:5      | Reached skill level 6 in Unarmed Combat
  4453 | D:5      | Reached XP level 7. HP: 37/52 MP: 7/7
  4728 | D:5      | Reached skill level 7 in Unarmed Combat
  5118 | D:5      | Reached XP level 8. HP: 53/57 MP: 8/8
  5375 | D:5      | Gained mutation: You cannot train Armour skill. [Ru
                  | sacrifice]
  5375 | D:5      | Reached **** piety under Ru
  5891 | D:6      | Reached skill level 8 in Unarmed Combat
  5991 | D:6      | Reached skill level 5 in Slings
  6531 | D:6      | Reached skill level 9 in Unarmed Combat
  6763 | D:6      | Noticed Blork the orc
  6770 | D:6      | Killed Blork the orc
  7023 | D:7      | Gained mutation: You are partially covered in sharp spines.
                  | [demonic ancestry]
  7023 | D:7      | Reached XP level 9. HP: 64/64 MP: 9/9
  7039 | D:7      | Identified the +1 pair of gloves "Inuaq" {Str-4 Dex+4
                  | Slay+2 SInv}
  7148 | D:7      | Found a staircase to the Ecumenical Temple.
  7631 | D:7      | Learned a level 1 spell: Slow
  7635 | D:7      | Learned a level 3 spell: Confusing Touch
  7700 | D:7      | Found the +3 giant club "Skullcrusher" {speed, Str+7}
  7733 | D:7      | Reached skill level 10 in Unarmed Combat
  8780 | D:8      | Found a staircase to the Lair.
  8896 | D:8      | Noticed a troll
  8913 | D:8      | Killed a troll
  8914 | D:8      | Reached skill level 11 in Unarmed Combat
  9341 | D:8      | Gained mutation: You cannot be stealthy. [Ru sacrifice]
  9341 | D:8      | Reached ***** piety under Ru
  9351 | D:8      | Identified the +4 dagger "Killer Klown's Curse" {holy, rC+
                  | Str+3}
  9425 | D:8      | Found a snail-covered altar of Cheibriados.
  9630 | D:8      | Found a bloodstained altar of Trog.
  9632 | D:8      | Found a burning altar of Makhleb.
  9723 | D:9      | Reached XP level 10. HP: 17/64 MP: 10/10
 10052 | D:9      | Found an ancient bone altar of Kikubaaqudgha.
 10054 | D:9      | Found an ancient bone altar of Kikubaaqudgha.
 10056 | D:9      | Found a shimmering blue altar of Sif Muna.
 10056 | D:9      | Found a bloodstained altar of Trog.
 10056 | D:9      | Found a shimmering altar of Xom.
 10084 | D:9      | Noticed a two-headed ogre
 10095 | D:9      | Killed a two-headed ogre
 10201 | D:9      | Noticed an orange crystal statue
 10227 | D:9      | Noticed a two-headed ogre
 10235 | D:9      | Killed a two-headed ogre
 10303 | D:9      | Reached skill level 12 in Unarmed Combat
 12004 | D:9      | Noticed a two-headed ogre
 12018 | D:9      | Killed an orange crystal statue
 12030 | D:9      | Identified the ring of Jaxug {Ice Str+5}
 12383 | D:10     | Entered Level 10 of the Dungeon
 12570 | D:10     | Noticed a two-headed ogre
 12583 | D:10     | Killed a two-headed ogre
 12584 | D:10     | Reached skill level 13 in Unarmed Combat
 12584 | D:10     | Gained mutation: You have hoof-like feet. [demonic
                  | ancestry]
 12584 | D:10     | Reached XP level 11. HP: 21/75 MP: 11/11
 12623 | D:10     | Noticed a centaur warrior
 12630 | D:10     | Killed a centaur warrior
 12635 | D:10     | Noticed a seven-headed hydra
 12692 | D:10     | Slain by a seven-headed hydra

Illustrated notes

Levels and vault maps discovered:
D:1:      roderic_octagonal_star, layout_loops_ring, serial_shops,
          shop_fountains
D:2:      layout_loops_ring, grunt_ministairs_1
D:3:      layout_basic, hellmonk_ecumenical_altar_inner_sanctum
D:4:      layout_loops_ring
D:5:      layout_loops_corners, chequers_garden
D:6:      layout_basic, uniq_blork_the_orc
D:7:      layout_rooms, minmay_temple_entry_gardened_gates
D:8:      layout_rooms, minitemple, slow_altar_1, erik_lair_island, st_stairs_12
D:9:      layout_roguey, doesnt_xom_only_xom, grunt_ministairs_1, minivault_15
D:10:     minmay_ornate_pinched, layout_basic, minmay_shop_damaged

Skill      XL: |  1  2  3  4  5  6  7  8  9 10 11 |
---------------+----------------------------------+-----
Unarmed Combat | 3 4 5 6 7 9 11 13 | 13.2
Slings         | 1 2 3 4 5 7 8 9 |  9.0
Stealth        | 0 |  0.0
Fighting       | |  3.5
Dodging        | |  2.6

Action                   |  1- 3 |  4- 6 |  7- 9 | 10-12 || total
-------------------------+-------+-------+-------+-------++-------
Melee: Unarmed           |    22 |    10 |     6 |    27 ||    65
       Kick              |       |     3 |     2 |     8 ||    13
       Hunting sling     |       |       |     1 |       ||     1
 Fire: Hunting sling     |    92 |   116 |   438 |   187 ||   833
Throw: Dart              |       |       |     1 |       ||     1
Invok: Sacrifice a Hand  |       |     1 |       |       ||     1
       Sacrifice Durabil |       |       |     1 |       ||     1
       Apocalypse        |       |       |     1 |     3 ||     4
       Power Leap        |       |       |     1 |     1 ||     2
       Sacrifice Stealth |       |       |     1 |       ||     1
Evoke: Wand              |       |       |    13 |     2 ||    15
  Use: Scroll            |       |       |    18 |     5 ||    23
       Potion            |       |       |     1 |     5 ||     6
 Stab: Sleeping          |     1 |       |       |       ||     1
       Paralysed         |       |       |       |     4 ||     4
Armor: Robe              |     8 |     6 |    27 |     1 ||    42
       Acid dragon scale |       |       |       |    23 ||    23
Dodge: Dodged            |    32 |    36 |   133 |    92 ||   293

Table legend: (Time is in decaauts)
 A = Elapsed time spent in this place.
 B = Non-inter-level travel time spent in this place.
 C = Inter-level travel time spent in this place.
 D = Time resting spent in this place.
 E = Time spent auto-exploring this place.
 F = Levels seen in this place.
 G = Mean time per level.
                   A        B        C        D        E       F      G
               +--------+--------+--------+--------+--------+-----+--------+
         Total |  12639 |  12421 |    218 |    295 |  10195 |  10 | 1263.9 |
       Dungeon |  12639 |  12421 |    218 |    295 |  10195 |  10 | 1263.9 |
               +--------+--------+--------+--------+--------+-----+--------+

Top non-repeatable levels by time:
     D:9: 2632 daAuts
     D:8: 1614 daAuts
     D:6: 1492 daAuts
     D:4: 1396 daAuts
     D:5: 1219 daAuts
     D:1: 1219 daAuts
     D:3: 1113 daAuts
     D:7: 1074 daAuts
     D:2: 575 daAuts
    D:10: 300 daAuts
